 Dungeon Crawl Stone Soup version 0.30-a0-322-g102857c98e (webtiles) character file.

Game seed: 16778306292367341399

95 Lanoc the Insei (level 4, -1/34 HPs)
             Began as a Gnoll Wanderer on Oct 27, 2022.
             Slain by Sigmund
             ... wielding a +0 scythe
              (4 damage)
             ... on level 3 of the Dungeon.
             The game lasted 00:03:27 (1564 turns).

Lanoc the Insei (Gnoll Wanderer)                    Turns: 1564, Time: 00:03:28

Health: -1/34      AC:  6    Str: 14    XL:     4   Next: 66%
Magic:  5/5        EV: 14    Int:  7    God:
Gold:   117        SH:  0    Dex: 15    Spells: 5/5 levels left

rFire   . . .      SeeInvis .    a - +1 spear
rCold   . . .      Faith    .    (no shield)
rNeg    . . .      Spirit   .    f - +0 leather armour
rPois   .          Reflect  .    d - +0 helmet
rElec   .          Harm     .    e - +0 cloak
rCorr   +          Rampage  .    (no gloves)
Will    .....                    (no boots)
Stlth   ++........               (no amulet)
HPRegen 0.25/turn                l - ring of resist corrosion
MPRegen 0.09/turn                (no ring)

@: no status effects
A: fangs 1, strong nose, distributed training
a: no special abilities


You were on level 3 of the Dungeon.
You visited 1 branch of the dungeon, and saw 4 of its levels.

You collected 117 gold pieces.

Inventory:

Hand Weapons
 a - a +1 spear (weapon)
 b - a +0 sling
Armour
 d - a +0 helmet (worn)
 e - a +0 cloak (worn)
 f - a +0 leather armour (worn)
Jewellery
 l - a ring of resist corrosion (left hand)
Scrolls
 g - 2 scrolls of identify
Potions
 c - a potion of brilliance
 i - 3 potions of curing
 m - a potion of invisibility
 n - a potion of berserk rage


   Skills:
 + Level 2.8 Fighting
 + Level 1.2 Short Blades
 + Level 1.2 Long Blades
 + Level 1.2 Axes
 + Level 1.2 Maces & Flails
 + Level 2.8 Polearms
 + Level 1.2 Staves
 + Level 1.2 Ranged Weapons
 + Level 1.2 Throwing
 + Level 4.7 Armour
 + Level 6.6 Dodging
 + Level 1.2 Stealth
 + Level 1.2 Shields
 + Level 6.6 Unarmed Combat
 + Level 1.2 Spellcasting
 + Level 1.0 Conjurations
 + Level 1.0 Hexes
 + Level 1.0 Summonings
 + Level 1.0 Necromancy
 + Level 1.0 Translocations
 + Level 1.0 Transmutations
 + Level 1.0 Fire Magic
 + Level 1.0 Ice Magic
 + Level 1.0 Air Magic
 + Level 1.0 Earth Magic
 + Level 1.0 Poison Magic
 + Level 1.4 Invocations
 + Level 1.2 Evocations


You had 5 spell levels left.
You didn't know any spells.
Your spell library contained the following spells:

 Spells                   Type           Power      Damage    Failure   Level
 Call Canine Familiar     Summ           1%         N/A       69%         3
 Portal Projectile        Hex/Tloc       2%         N/A       69%         3
 Leda's Liquefaction      Hex/Erth       0%         N/A       97%         4


Dungeon Overview and Level Annotations

Branches:
Dungeon (4/15)
 Temple: D:4-7

Altars:

Annotations:
D:3 Sigmund


Innate Abilities, Weirdness & Mutations

You have very sharp teeth.
Your uncanny sense of smell can sniff out nearby items.
Your experience applies equally to all skills.


Message History

Something hits you.
The jackal bites you but does no damage.
You hit the jackal.
The jackal is moderately wounded.
The jackal misses you.
The jackal bites you but does no damage.
The jackal misses you. The dart slug closely misses you.
The jackal bites you but does no damage.
The jackal barely misses you.
The jackal bites you but does no damage.
You barely miss the jackal.
The jackal is moderately wounded.
The jackal bites you but does no damage.
Something hits you.
* * * LOW HITPOINT WARNING * * *
The jackal bites you but does no damage.
The jackal barely misses you. The jackal completely misses you.
The jackal closely misses you. The dart slug bites you.
* * * LOW HITPOINT WARNING * * *
You barely miss the jackal.
The jackal is moderately wounded.
The jackal bites you but does no damage.
The jackal closely misses you. x2; The jackal bites you.
* * * LOW HITPOINT WARNING * * *
Something hits you.
* * * LOW HITPOINT WARNING * * *
The jackal bites you but does no damage.
The jackal barely misses you.
The jackal bites you but does no damage.
The jackal bites you.
* * * LOW HITPOINT WARNING * * *
The jackal barely misses you.
There is a faded altar of an unknown god here.
Blink to where?
Press: ? - help, Dir - move target
As you read the scroll of blinking, it crumbles to dust.
The jackal stops to sniff the ground.
There is a stone staircase leading up here.
Something hits you.
You die...

............##.##..
...........##.##..
...........##.##..
#####.....w...##.####
...........)..##.. ∆
#h.h.......#### ∆
#h..>......+
#..h.......#
#@.........#
#............#
###..........#
#..........#
#.#+######.. #.# ..
..# ###


You could see a dart slug and 4 jackals.

Vanquished Creatures
  4 gnolls
  An adder (D:2)
  A dart slug (D:4)
  2 ball pythons (D:1)
  5 bats
  6 endoplasms
  3 giant cockroaches
  5 goblins
  3 hobgoblins
  2 jackals (D:4)
  2 quokkas
  4 kobolds
  3 rats
41 creatures vanquished.

Notes
Turn   | Place    | Note
-------+----------+-------------------------------------------
     0 | D:1      | Lanoc the Gnoll Wanderer began the quest for the Orb.
     0 | D:1      | Lanoc set off with the following items: a +0 spear, a
                  | potion of invisibility, a potion of brilliance, a +0
                  | helmet, a potion of berserk rage, a +0 leather armour.
     0 | D:1      | Reached XP level 1. HP: 17/17 MP: 1/1
   155 | D:1      | Reached XP level 2. HP: 14/23 MP: 2/2
   368 | D:1      | Reached XP level 3. HP: 27/28 MP: 3/3
   549 | D:1      | Reached skill level 1 in Invocations
   916 | D:2      | Reached skill level 1 in Short Blades
   916 | D:2      | Reached skill level 1 in Long Blades
   916 | D:2      | Reached skill level 1 in Axes
   916 | D:2      | Reached skill level 1 in Maces & Flails
   916 | D:2      | Reached skill level 1 in Staves
   916 | D:2      | Reached skill level 1 in Ranged Weapons
   916 | D:2      | Reached skill level 1 in Throwing
   916 | D:2      | Reached skill level 1 in Stealth
   916 | D:2      | Reached skill level 1 in Shields
   916 | D:2      | Reached skill level 1 in Spellcasting
   916 | D:2      | Reached skill level 1 in Evocations
  1229 | D:2      | Reached XP level 4. HP: 23/34 MP: 5/5
  1374 | D:2      | You fall into a shaft and drop 2 floors!
  1401 | D:4      | Noticed an ogre
  1422 | D:4      | Reached skill level 1 in Conjurations
  1422 | D:4      | Reached skill level 1 in Hexes
  1422 | D:4      | Reached skill level 1 in Summonings
  1422 | D:4      | Reached skill level 1 in Necromancy
  1422 | D:4      | Reached skill level 1 in Translocations
  1422 | D:4      | Reached skill level 1 in Transmutations
  1422 | D:4      | Reached skill level 1 in Fire Magic
  1422 | D:4      | Reached skill level 1 in Ice Magic
  1422 | D:4      | Reached skill level 1 in Air Magic
  1422 | D:4      | Reached skill level 1 in Earth Magic
  1422 | D:4      | Reached skill level 1 in Poison Magic
  1543 | D:3      | Found a faded altar of an unknown god.
  1544 | D:3      | Noticed Sigmund
  1564 | D:3      | Slain by Sigmund

Illustrated notes

Levels and vault maps discovered:
D:1:      beargit_arrival_diablo_church, layout_basic, st_stairs_14
D:2:      minmay_spotlight, layout_basic, kennysheep_generic_room_13,
          uniq_natasha
D:3:      layout_basic, basic_ecumenical_altar, kennysheep_generic_room_9,
          uniq_sigmund
D:4:      layout_loops_ring, gammafunk_ghost_cemetery, nrook_uturn,
          minmay_gold_behind_fungi, uniq_crazy_yiuf_cottage, uniq_robin

Skill      XL: |  1  2  3  4 |
---------------+-------------+-----
Invocations    | 1 |  1.4
Short Blades   | 1 |  1.2
Long Blades    | 1 |  1.2
Axes           | 1 |  1.2
Maces & Flails | 1 |  1.2
Staves         | 1 |  1.2
Ranged Weapons | 1 |  1.2
Throwing       | 1 |  1.2
Stealth        | 1 |  1.2
Shields        | 1 |  1.2
Spellcasting   | 1 |  1.2
Evocations     | 1 |  1.2
Conjurations   | 1 |  1.0
Hexes          | 1 |  1.0
Summonings     | 1 |  1.0
Necromancy     | 1 |  1.0
Translocations | 1 |  1.0
Transmutations | 1 |  1.0
Fire Magic     | 1 |  1.0
Ice Magic      | 1 |  1.0
Air Magic      | 1 |  1.0
Earth Magic    | 1 |  1.0
Poison Magic   | 1 |  1.0
Fighting       | |  2.8
Polearms       | |  2.8
Armour         | |  4.7
Dodging        | |  6.6
Unarmed Combat | |  6.6

Action                   |  1- 3 |  4- 6 || total
-------------------------+-------+-------++-------
Melee: Spear             |   122 |    50 ||   172
       Bite              |    12 |     5 ||    17
       Punch             |       |     1 ||     1
 Fire: Sling             |       |    11 ||    11
  Use: Potion            |     1 |       ||     1
       Scroll            |       |     6 ||     6
 Stab: Sleeping          |     1 |     1 ||     2
Armor: Leather armour    |    25 |    30 ||    55
Dodge: Dodged            |    72 |    78 ||   150

Table legend: (Time is in decaauts)
 A = Elapsed time spent in this place.
 B = Non-inter-level travel time spent in this place.
 C = Inter-level travel time spent in this place.
 D = Time resting spent in this place.
 E = Time spent auto-exploring this place.
 F = Levels seen in this place.
 G = Mean time per level.
                   A        B        C        D        E       F      G
               +--------+--------+--------+--------+--------+-----+--------+
         Total |   1572 |   1566 |      6 |      0 |   1220 |   4 |  393.0 |
       Dungeon |   1572 |   1566 |      6 |      0 |   1220 |   4 |  393.0 |
               +--------+--------+--------+--------+--------+-----+--------+

Top non-repeatable levels by time:
     D:1: 710 daAuts
     D:2: 674 daAuts
     D:4: 140 daAuts
     D:3: 47 daAuts
